 Dungeon Crawl Stone Soup version 0.21-a0-1-gaf3b9a5 (webtiles) character file.

44 Gorglomux the Insei (level 3, -2/26 HPs)
             Began as a Barachi Transmuter on May 20, 2017.
             Slain by Sigmund
             ... wielding a +0 scythe
              (10 damage)
             ... on level 2 of the Dungeon.
             The game lasted 00:02:03 (1513 turns).

Gorglomux the Insei (Barachi Transmuter)            Turns: 1513, Time: 00:02:03

Health: -2/26      AC:  2    Str:  8 (11) XL:     3   Next: 60%
Magic:  1/7        EV: 12    Int: 13 (14) God:
Gold:   86         SH:  0    Dex:  9 (12) Spells: 1/7 levels left

rFire    . . .     SeeInvis .     - Unarmed
rCold    . . .     Gourm    .   (no shield)
rNeg     . . .     Faith    .   b - +0 robe
rPois    .         Spirit   .   (no helmet)
rElec    .         Reflect  .   (no cloak)
rCorr    .         Harm     .   (no gloves)
MR       .....                  (no boots)
Stlth    +.........             (no amulet)
Regen    0.1/turn               (no ring)
MPRegen  0.1/turn               (no ring)

@: appendage, slow
A: +LOS, swims, horns 2, slowness 1, strong legs 1
a: Hop, End Transformation


You were on level 2 of the Dungeon.
You were not hungry.
You had grown temporary horns.
You visited 1 branch of the dungeon, and saw 2 of its levels.

You collected 86 gold pieces.

Inventory:

Missiles
 a - 23 arrows
Armour
 b - a +0 robe (worn)
Scrolls
 g - a scroll of enchant armour {unknown}
 i - 3 scrolls of teleportation {unknown}
 j - a scroll of noise {unknown}
Books
 c - a book of Changes
Comestibles
 d - a bread ration {@e1}
 h - 2 meat rations {@e2}


   Skills:
 - Level 1.2 Fighting
 - Level 2.1 Dodging
 + Level 3.8 Unarmed Combat
 + Level 2.7 Spellcasting
 + Level 3.2 Transmutations


You had one spell level left.
You knew the following spells:

 Your Spells              Type           Power        Failure   Level  Hunger
a - Beastly Appendage     Tmut           ##....       6%          1    #......
c - Spider Form           Tmut/Pois      #.........   36%         3    ###....
s - Sticks to Snakes      Tmut           ##......     10%         2    ###....


Dungeon Overview and Level Annotations

Branches:
Dungeon (2/15)

Altars:

Annotations:
D:2 Sigmund


Innate Abilities, Weirdness & Mutations

Shadows flee at your approach. (+LOS)
You can swim through water.
You cover ground slowly.
You can hop short distances.
You have a pair of horns on your head.


Message History

Your +0 robe unmelds from your body.
Unknown command.
You see here a dagger.
Done exploring.
Unknown command.
Done exploring.
Unknown command.
Done exploring.
You turn into a venomous arachnid creature.
Your +0 robe melds into your body.
Unknown command.
Done exploring.
No target in view!
No target in view!
Unknown command.
Done exploring.
(D) Dungeon
Where to? (? - help)
Your transformation is almost over.
Your transformation has ended.
Your +0 robe unmelds from your body.
Unknown command.
Unknown command.
(D) Dungeon
Where to? (Enter - D:2, ? - help)
There is a stone staircase leading down here.
You climb downwards.
There is a stone staircase leading up here.
g - a scroll labeled OFAIHU NAKHLOI A rat comes into view.
You turn into a venomous arachnid creature.
Your +0 robe melds into your body.
Unknown command.
You hit the rat.
You kill the rat!
You are feeling hungry.
No target in view!
No target in view!
There isn't anything here!
Found 19 gold pieces.
Found a stone staircase leading down.
You see here a rat corpse.
You butcher the rat corpse.
k - a chunk of flesh {@w0} Eating a chunk of flesh {@w0}.
You eat the chunk of flesh {@w0}.
Your transformation is almost over.
There is a stone staircase leading down here.
You now have 86 gold pieces (gained 9).
Sigmund the Dreaded comes into view.
He is wielding a scythe.
Sigmund shouts!
You see here 2 purple potions.
Sigmund is nearby!
Unknown command.
You miscast Spider Form.
You are very lightly contaminated with residual magic.
You feel weak for a moment.
Your transformation has ended.
Your +0 robe unmelds from your body.
Sigmund barely misses you.
Sigmund hits you from afar with a scythe!
Unknown command.
You turn into a venomous arachnid creature.
Your +0 robe melds into your body.
Your transformation is almost over.
Sigmund completely misses you.
You hit Sigmund.
Sigmund is poisoned.
Sigmund closely misses you.
You hit Sigmund but do no damage.
Sigmund looks even sicker.
Sigmund gestures at you while chanting.
You are confused.
You bump into the rock wall.
Sigmund misses you.
You bump into the rock wall.
You bump into the rock wall.
Sigmund misses you.
Sigmund points at you and mumbles some strange words.
The magic dart hits you!
Unknown command.
You feel less confused.
Unknown command.
Your transformation has ended.
Your +0 robe unmelds from your body.
Sigmund barely misses you.
You aren't carrying any items that you can evoke.
It was a potion of degeneration.
There was something very wrong with that liquid.
You feel weakened.
You feel dopey.
You feel clumsy.
Unknown command.
It was a potion of curing.
You feel better. Sigmund closely misses you.
Unknown command.
Sigmund hits you with a scythe!
You hit Sigmund.
You grow a pair of large bovine horns.
Sigmund barely misses you.
You closely miss Sigmund. Sigmund closely misses you.
You closely miss Sigmund. You barely miss Sigmund.
You headbutt Sigmund, but do no damage. Sigmund hits you with a scythe.
You closely miss Sigmund. Your headbutt misses Sigmund.
You closely miss Sigmund. Sigmund closely misses you.
You closely miss Sigmund. Sigmund hits you with a scythe.
You hit Sigmund. Your headbutt misses Sigmund.
Your magical contamination has completely faded away.
You closely miss Sigmund. Sigmund hits you with a scythe!
You die...

##.## ##...#### #
.... #....... .#
#..... #....#.###.#
#.#...###.#........
.............. ... ..
............##.# ....
......$.....#.##...##
............@@.....#
.#.......##.#....#
#.....!.##.# #.#
#........#.#
#..>.......##
#.............
##.#...........
#.#.#...#.####
#......##.#


You could see Sigmund.

Vanquished Creatures
  2 oozes (D:1)
  3 giant cockroaches (D:1)
  2 goblins (D:1)
  5 hobgoblins (D:1)
  3 jackals (D:1)
  6 kobolds (D:1)
  4 bats (D:1)
  6 rats
31 creatures vanquished.

Notes
Turn   | Place    | Note
-------+----------+-------------------------------------------
     0 | D:1      | Gorglomux the Barachi Transmuter began the quest for the Orb.
     0 | D:1      | Reached XP level 1. HP: 15/15 MP: 3/3
   272 | D:1      | Reached XP level 2. HP: 21/21 MP: 3/5
   608 | D:1      | Reached XP level 3. HP: 26/26 MP: 4/6
   668 | D:1      | Learned a level 3 spell: Spider Form
   671 | D:1      | Learned a level 2 spell: Sticks to Snakes
   678 | D:1      | Reached skill level 3 in Transmutations
  1486 | D:2      | Noticed Sigmund
  1513 | D:2      | Slain by Sigmund

Vault maps used:
D:1:      nicolae_arrival_washed_ashore
D:2:      uniq_terence, uniq_sigmund

Skill      XL: |  1  2  3 |
---------------+----------+-----
Transmutations | 3 |  3.2
Fighting       | |  1.2
Dodging        | |  2.1
Unarmed Combat | |  3.8
Spellcasting   | |  2.7

Action                   || total
-------------------------++-------
Melee: Unarmed           ||   102
       Kick              ||     1
       Headbutt          ||     4
 Cast: Beastly Appendage ||    14
       Spider Form       ||    10
  Use: Potion            ||     2
 Stab: Sleeping          ||     1
  Eat: Chunk             ||     4
Armor: Robe              ||    19
       Skin              ||     1
Dodge: Dodged            ||    81

Vault maps used:
D:1:      nicolae_arrival_washed_ashore
D:2:      uniq_terence, uniq_sigmund

Table legend:
 A = Turns spent in this place as a percentage of turns spent in the entire game.
 B = Non-inter-level travel turns spent in this place as a percentage of non-inter-level travel turns spent in the entire game.
 C = Inter-level travel turns spent in this place as a percentage of turns spent in this place.
 D = Turns resting spent in this place as a percentage of non-inter-level travel turns spent in this place.
 E = Turns spent auto-exploring this place as a percentage of non-inter-level travel turns spent in this place.
 F = Non-inter-level travel turns spent in this place divided by the number of levels of this place that you've seen.
                   A       B       C       D       E      F
               +-------+-------+-------+-------+-------+----------------------
         Total | 100.0 | 100.0 |   0.4 |   3.7 |   8.1 | 260.0
       Dungeon | 100.0 | 100.0 |   0.4 |   3.7 |   8.1 | 260.0
               +-------+-------+-------+-------+-------+----------------------

Table legend:
 A = Kills in this place as a percentage of kills in entire the game.
 B = Kills by you in this place as a percentage of kills by you in the entire game.
 C = Kills by friends in this place as a percentage of kills by friends in the entire game.
 D = Other kills in this place as a percentage of other kills in the entire game.
 E = Experience gained in this place as a percentage of experience gained in the entire game.
 F = Experience gained in this place divided by the number of levels of this place that you have seen.
                   A       B       C       D       E      F
               +-------+-------+-------+-------+-------+----------------------
         Total | 100.0 | 100.0 |  -nan |  -nan | 100.0 |  31.5
       Dungeon | 100.0 | 100.0 |  -nan |  -nan | 100.0 |  31.5
               +-------+-------+-------+-------+-------+----------------------
